 Dungeon Crawl Stone Soup version 0.30-a0-187-gd9c2deaf24 (webtiles) character file.

Game seed: 5277493312744665096

39231 Sobieck the Nimble (level 14, -1/123 HPs)
             Began as a Kobold Earth Elementalist on Oct 3, 2022.
             Was an Initiate of Gozag.
             Slain by a death yak (18 damage)
             ... on level 1 of the Lair of Beasts.
             The game lasted 00:47:47 (23743 turns).

Sobieck the Nimble (Kobold Earth Elementalist)     Turns: 23743, Time: 00:47:47

Health: -1/123     AC: 18    Str:  5    XL:     14   Next: 38%
Magic:  23/23      EV: 24    Int: 15    God:    Gozag
Gold:   567        SH:  5    Dex: 19    Spells: 15/25 levels left

rFire   . . .      SeeInvis .    a - +5 dagger (elec) {short}
rCold   . . .      Faith    .    f - +0 buckler
rNeg    . . .      Spirit   .    h - +1 robe {Will+}
rPois   .          Reflect  .    m - +2 hat {Will+}
rElec   .          Harm     .    g - +2 cloak {rCorr}
rCorr   +          Rampage  +    A - +2 pair of gloves
Will    +++++      Rage     50%  J - +2 pair of boots {rampage}
Stlth   ..........               y - necklace of Bloodlust {*Rage Will++ Int-3 Slay+6}
HPRegen 0.40/turn                O - +6 ring of slaying
MPRegen 0.18/turn                G - +4 ring of protection

@: berserking, gold aura, very quick
A: small, no large weapons, nightstalker 3
a: Renounce Religion, Potion Petition, Call Merchant, Bribe Branch


You were on level 1 of the Lair of Beasts.
You worshipped Gozag.
Gozag was pleased with you.
You visited 3 branches of the dungeon, and saw 18 of its levels.

You collected 3210 gold pieces.
You spent 2508 gold pieces at shops.
You paid 135 gold pieces to Gozag.


Innate Abilities, Weirdness & Mutations

You are small and have problems with some larger weapons.
You are completely attuned to the shadows.


   Skills:
 + Level 7.2 Fighting
 - Level 10.0 Short Blades
 + Level 14.5 Dodging
 + Level 11.2 Stealth
 + Level 6.2 Spellcasting
 + Level 9.7 Conjurations
 - Level 10.0 Transmutations
 - Level 8.0 Earth Magic


You had 15 spell levels left.
You knew the following spells:

 Your Spells              Type           Power      Damage    Failure   Level
a - Sandblast             Erth           56%        2d13      1%          1
b - Passwall              Tmut/Erth      25%        N/A       1%          2
c - Stone Arrow           Conj/Erth      62%        3d10      1%          3
d - Petrify               Tmut/Erth      31%        N/A       5%          4

Your spell library contained the following spells:

 Spells                   Type           Power      Damage    Failure   Level
 Magic Dart               Conj           100%       1d8       1%          1
 Shock                    Conj/Air       76%        1d7       3%          1
 Hailstorm                Conj/Ice       19%        3d6       10%         3
 Ignite Poison            Fire/Tmut/Pois 14%        N/A       17%         3
 Mephitic Cloud           Conj/Pois/Air  14%        N/A       19%         3
 Summon Small Mammal      Summ           16%        N/A       22%         1
 Ice Form                 Ice/Tmut       19%        N/A       28%         4
 Sticky Flame             Conj/Fire      19%        2d4       30%         4
 Call Imp                 Summ           4%         N/A       34%         2
 Call Canine Familiar     Summ           4%         N/A       56%         3
 Summon Guardian Golem    Hex/Summ       4%         N/A       56%         3
 Swiftness                Air            4%         N/A       56%         3
 Yara's Violent Unravell  Hex/Tmut       9%         3d6       63%         5
 Airstrike                Air            2%         2d(1-17)  92%         4
 Enfeeble                 Hex            2%         N/A       100%        7
 Ignition                 Fire           2%         3d3       100%        8
 Simulacrum               Ice/Necr       Unusable   N/A       N/A         6

Inventory:

Hand Weapons
 a - a +5 dagger of electrocution (weapon) {short}
   (You took it off Nergalle on level 12 of the Dungeon)
 d - a +2 dagger of venom {short}
   (You took it off a goblin on level 1 of the Dungeon)
 H - a +0 rapier {short}
   (You took it off a deep elf pyromancer on level 13 of the Dungeon)
Missiles
 c - 6 curare-tipped darts {=fthrowing}
 j - 11 poisoned darts {throwing}
 v - 7 boomerangs {throwing}
 x - 7 throwing nets {=f!fthrowing}
 Q - 51 stones {throwing}
 R - 4 atropa-tipped darts {throwing}
Armour
 f - a +0 buckler (worn)
   (You bought it in a shop on level 2 of the Dungeon)
 g - a +2 cloak of preservation (worn)
   (You took it off Maurice on level 8 of the Dungeon)
 h - a +1 robe of willpower (worn)
   (You took it off an orc wizard on level 7 of the Dungeon)
 m - a +2 hat of willpower (worn)
   (You took it off Gastronok on level 8 of the Dungeon)
 A - a +2 pair of gloves (worn)
   (You found it on level 3 of the Dungeon)
 J - a +2 pair of boots of rampaging (worn)
   (You bought it in a shop on level 2 of the Dungeon)
 T - the +0 pair of boots of Jeahesyu {+Blink Will+ Regen+ Dex-4}
   (You bought it in a shop on level 14 of the Dungeon)

   Dex:       It affects your dexterity (-4).
   +Blink:    It lets you blink.
   Regen:     It increases your rate of health regeneration.
   Will:      It increases your willpower.
Jewellery
 i - a ring of flight
   (You found it on level 1 of the Dungeon)
 y - the necklace of Bloodlust (around neck) {*Rage Will++ Int-3 Slay+6}
   (You found it on level 3 of the Dungeon)

   [amulet of nothing]

   It extends the wearer's berserk rage when killing foes.
   Int:       It affects your intelligence (-3).
   Slay:      It affects your accuracy & damage with ranged weapons and melee
   (+6).
   *Rage:     It berserks you when you make melee attacks (+50% chance).
   Will:      It greatly increases your willpower.
 G - a +4 ring of protection (right hand)
   (You found it on level 4 of the Dungeon)
 I - a ring of see invisible
   (You found it on level 11 of the Dungeon)
 O - a +6 ring of slaying (left hand)
   (You bought it in a shop on level 2 of the Dungeon)
 P - a +6 ring of strength
   (You found it on level 13 of the Dungeon)
 U - an amulet of faith {!P}
   (You found it on level 5 of the Dungeon)
 V - a ring of resist corrosion
   (You found it on level 1 of the Lair of Beasts)
Wands
 o - a wand of acid (13)
   (You found it on level 8 of the Dungeon)
 s - a wand of paralysis (22)
   (You found it on level 8 of the Dungeon)
 D - a wand of polymorph (15)
   (You found it on level 9 of the Dungeon)
 E - a wand of mindburst (7)
   (You found it on level 10 of the Dungeon)
 M - a wand of digging (3)
   (You found it on level 7 of the Dungeon)
 Y - a wand of flame (62)
   (You found it on level 6 of the Dungeon)
Scrolls
 l - 4 scrolls of immolation {!r!r}
 p - 6 scrolls of vulnerability {!r!r}
 w - 3 scrolls of teleportation {@r4}
 F - a scroll of poison {!r}
 S - a scroll of magic mapping {!r}
 Z - a scroll of fog
Potions
 b - 4 potions of magic
 e - 5 potions of resistance
 k - 2 potions of brilliance
 n - a potion of degeneration {unknown}
 q - a potion of ambrosia {unknown}
 r - 4 potions of curing {@q1}
 t - 6 potions of attraction {!q}
 u - a potion of heal wounds {unknown}
 z - 4 potions of mutation {!q}
 C - 7 potions of flight
 K - 2 potions of lignification {unknown}
 L - 3 potions of haste {unknown}
 N - 3 potions of cancellation {unknown}
Miscellaneous
 B - a phantom mirror
   (You found it on level 10 of the Dungeon)

Dungeon Overview and Level Annotations

Branches:
Dungeon (15/15) Zot: 26656  Temple (1/1) D:7 Zot: 5934    Lair (2/5) D:9 Zot: 9778
    Orc (0/2) D:10         Vaults (0/5) D:13
  Swamp: Lair:2-3    Shoals: Lair:2-3     Snake: Lair:2-3    Spider: Lair:2-3
 Depths: D:15

Altars:
Ashenzari
Cheibriados
Elyvilon
Fedhas
Gozag
Hepliaklqana
Kikubaaqudgha
Makhleb
Nemelex Xobeh
Okawaru
Qazlal
Ru
Trog
Uskayaw
Vehumet
Wu Jian
Xom
Yredelemnul
Zin

Shops:
D:2 =[   D:3 (   D:6 (   D:10 =   D:14 [   D:15 ?

Annotations:
D:3 exclusion: moth of wrath
D:11 1 transporter
D:14 !Crystal people bad not good
Temple 2 transporters

...#..............##..........#..
.............#....#....##....##..
?............+.....#.[.##....#...
[............#....##...##....##..
...#..............######.....##..
.[.................######....#.##
...#####.##..#...............##.#
................$$...............
...............$@................
...............Y.................
............................####.
....#######P......#####.#...## ##
...######.##.....####.###....####
...##.....#.............P...###..
...##......+.....##..........##..
...##..................##...###..
...##.....##.....#..P####...+....


You could see a death yak.


Message History

Unknown command.
There is a stone staircase leading up here.
Unknown command.
The stone arrow hits the death yak.
The death yak bellows!
You hear a bellow! x3
Unknown command.
The stone arrow hits the death yak!
Unknown command.
The stone arrow hits the death yak!!
A bullfrog comes into view.
Unknown command.
The death yak barely misses you.
You climb upwards.
There is a stone staircase leading down here.
Unknown command.
Unknown command.
Unknown command.
Unknown command.
The stone arrow hits the death yak!
You block the death yak's attack.
Unknown command.
The stone arrow hits the death yak.
The death yak gores you but does no damage.
Unknown command.
The stone arrow hits the death yak!
You kill the death yak!
Unknown command.
Unknown command.
You now have 567 gold pieces (gained 18).
There is a stone staircase leading down here.
You start resting.
Unknown command.
You climb downwards.
The bullfrog completely misses you. The bullfrog misses you.
The death yak gores you! x2
The bullfrog completely misses you. The death yak completely misses you.
The death yak gores you!
* * * LOW HITPOINT WARNING * * *
There is a stone staircase leading up, spattered with blood here.
Danger!
The bullfrog closely misses you. The death yak completely misses you.
The death yak closely misses you. The death yak barely misses you.
You climb upwards.
There is a stone staircase leading down here.
Unknown command.
Unknown command.
Unknown command.
A red film seems to cover your vision as you go berserk!
You feel yourself moving faster!
You feel mighty!
You barely miss the death yak. The bullfrog barely misses you.
You completely miss the bullfrog. The death yak gores you.
The death yak misses you. The bullfrog completely misses you.
The death yak completely misses you.
You puncture the bullfrog! You puncture the bullfrog!
Lightning courses through the bullfrog!
The necklace of Bloodlust glows a violent red.
You kill the bullfrog!
You hit the death yak.
Lightning courses through the death yak!!
The death yak gores you. The death yak barely misses you.
The death yak gores you!
* * * LOW HITPOINT WARNING * * *
You puncture the death yak! You hit the death yak.
You barely miss the death yak. The death yak gores you!
* * * LOW HITPOINT WARNING * * *
The death yak gores you.
* * * LOW HITPOINT WARNING * * *
The death yak gores you!
* * * LOW HITPOINT WARNING * * *
Unknown command.
You puncture the death yak! You completely miss the death yak.
The death yak gores you!
* * * LOW HITPOINT WARNING * * *
The death yak misses you. You block the death yak's attack.
You puncture the death yak!
Lightning courses through the death yak!
The necklace of Bloodlust glows a violent red.
You kill the death yak!
Unknown command.
You hit the death yak. The death yak gores you.
* * * LOW HITPOINT WARNING * * *
The death yak gores you!
* * * LOW HITPOINT WARNING * * *
You completely miss the death yak. You hit the death yak.
Lightning courses through the death yak!!
You puncture the death yak! The death yak barely misses you.
The death yak gores you but does no damage.
You puncture the death yak! You barely miss the death yak.
The death yak misses you. x2
You hit the death yak but do no damage. You puncture the death yak!
You impale the death yak!!
Lightning courses through the death yak!!
You kill the death yak!
The death yak misses you.
You impale the death yak!!
Lightning courses through the death yak!!
You hit the death yak. The death yak gores you!!
You die...
Your body crumbles into a pile of gold.

Skill      XL: |  1  2  3  4  5  6  7  8  9 10 11 12 13 14 |
---------------+-------------------------------------------+-----
Fighting       | 1 2 3 4 5 6 7 |  7.2
Earth Magic    | 4 5 6 7 8 |  8.0
Short Blades   | 1 3 4 5 6 7 10 | 10.0
Stealth        | 4 5 6 7 8 9 10 11 | 11.2
Conjurations   | 1 4 6 7 9 |  9.7
Dodging        | 3 5 9 11 14 | 14.5
Transmutations | 2 4 6 8 9 10 | 10.0
Spellcasting   | 3 4 5 6 |  6.2

Action                   |  1- 3 |  4- 6 |  7- 9 | 10-12 | 13-15 || total
-------------------------+-------+-------+-------+-------+-------++-------
Melee: Dagger            |     2 |     7 |   107 |    23 |   259 ||   398
       Punch             |     1 |       |       |     1 |       ||     2
       Short sword       |       |       |       |   236 |       ||   236
 Cast: Sandblast         |    46 |    97 |   141 |    49 |     1 ||   334
       Passwall          |     1 |       |     1 |    11 |     2 ||    15
       Stone Arrow       |       |       |       |    85 |    57 ||   142
  Use: Scroll            |       |     8 |     4 |    12 |     3 ||    27
       Potion            |       |       |       |     1 |       ||     1
 Stab: Sleeping          |     1 |       |     1 |    25 |     8 ||    35
       Distracted        |       |       |       |     2 |     2 ||     4
Armor: Robe              |     2 |    10 |    53 |    44 |    38 ||   147
Dodge: Dodged            |    12 |    23 |   135 |   207 |   126 ||   503
Block: Buckler           |       |       |       |    44 |    26 ||    70

Levels and vault maps discovered:
D:1:      onia_arrival_zoo_common, layout_basic,
          hellmonk_ecumenical_altar_pennies_from_heaven
D:2:      cheibrodos_helix_gallery, layout_basic, serial_shops, shop,
          nicolae_shop_unique_rings, corexii_hall_statues_l, minmay_pentomino_r4
D:3:      kennysheep_six_static_rooms, layout_basic,
          nicolae_yredelemnul_ghost_church, tgw_trog, serial_shops,
          nicolae_shop_hallway_stairs, uniq_sigmund, uniq_grinder
D:4:      layout_rooms, hangedman_glass_teeth
D:5:      layout_loops_ring
D:6:      layout_loops_ring, serial_shops, nicolae_diamond_shop,
          nrook_mini_backslash, uniq_prince_ribbit1, uniq_menkaure
D:7:      layout_rooms, lemuel_tele_altar, xom_teletrap_fun, vehumet_crystals,
          minmay_temple_entry_glassed_door, roderic_roman_lattice,
          grunt_ministairs_6, uniq_crazy_yiuf_cottage
D:8:      layout_loops_corners, cheibriados_altar_1, minitemple, uniq_maurice,
          uniq_gastronok, uniq_maggie, uniq_psyche
D:9:      layout_roguey, bloody_makhleb, dpeg_oklobed_lair, enter_bailey_5,
          uniq_harold
D:10:     layout_roguey, kennysheep_mini_moat, general_overflow_altar,
          orc_david_3, serial_shops, shop_statue, serial_ice, serial_ice_j,
          serial_ice_g, serial_ice_e, serial_ice_b, dreamdust_wishing_well,
          uniq_joseph
D:11:     layout_loops_ring, nicolae_diode_stairs
D:12:     layout_irregular_city, uniq_nergalle
D:13:     layout_loops_corners, erik_vaults_1,
          portal_ice_cave_entry_animals_and_master
D:14:     layout_basic, serial_shops, nicolae_lakefront_shop, dk_noncrumbling_2,
          hangedman_decor_opposing, minmay_crystal_box, uniq_rupert
D:15:     grunt_enter_depths_snipers, layout_rooms, serial_shops, shop,
          hangedman_abyss_or_decor_lesser_grid,
          gammafunk_ghost_wrathful_warriors
Temple:   hellmonk_temple_divided_pantheon
Lair:1:   layout_regular_city, enter_volcano_1, uniq_amaemon, uniq_erica
Lair:2:   lemuel_ratsnest, layout_hall_layers, elwin_shoals_entry_rocks,
          spider_nest_entry_webs

Notes
Turn   | Place    | Note
-------+----------+-------------------------------------------
     0 | D:1      | Sobieck the Kobold Earth Elementalist began the quest for
                  | the Orb.
     0 | D:1      | Reached XP level 1. HP: 10/10 MP: 3/3
     7 | D:1      | Noticed a rime drake
     7 | D:1      | Noticed a hog
     7 | D:1      | Noticed a lindwurm
     8 | D:1      | Noticed a black bear
     9 | D:1      | Noticed a snapping turtle
    72 | D:1      | Reached skill level 1 in Fighting
   114 | D:1      | Reached XP level 2. HP: 17/17 MP: 1/5
   117 | D:1      | Learned a level 2 spell: Passwall
   218 | D:1      | Reached skill level 2 in Fighting
   314 | D:1      | Found a faded altar of an unknown god.
   902 | D:1      | Reached XP level 3. HP: 21/21 MP: 3/6
   998 | D:1      | You pick up a book of Air and begin reading...
   998 | D:1      | You add the spells Shock, Swiftness and Airstrike to your
                  | library.
  1734 | D:2      | Reached skill level 4 in Earth Magic
  1803 | D:2      | Found Luih's One-of-a-Kind Rings.
  1887 | D:2      | Reached skill level 1 in Short Blades
  1887 | D:2      | Reached XP level 4. HP: 16/26 MP: 2/7
  2172 | D:2      | Reached skill level 2 in Short Blades
  2440 | D:2      | Reached skill level 3 in Short Blades
  2603 | D:2      | Found Kydafy's Armour Shop.
  2835 | D:2      | Reached XP level 5. HP: 30/30 MP: 6/8
  3544 | D:3      | Noticed Grinder
  3588 | D:3      | Reached skill level 4 in Short Blades
  3592 | D:3      | Learned a level 3 spell: Stone Arrow
  3639 | D:3      | Reached skill level 3 in Stealth
  3651 | D:3      | Reached skill level 4 in Stealth
  3730 | D:3      | Found Ozxytewe's Weapon Shoppe.
  3787 | D:3      | Found a runed translucent gate.
  3788 | D:3      | Found a runed translucent gate.
  3788 | D:3      | Noticed KennySheep's ghost (amateur AtWr)
  3789 | D:3      | Found a runed translucent gate.
  3790 | D:3      | Found a basalt altar of Yredelemnul.
  3881 | D:3      | Found the necklace of Bloodlust {*Rage Will++ Int-3 Slay+6}
  3979 | D:3      | Noticed a moth of wrath
  4034 | D:3      | Reached skill level 1 in Conjurations
  4067 | D:3      | Reached XP level 6. HP: 35/35 MP: 6/9
  4798 | D:4      | Reached skill level 2 in Conjurations
  4895 | D:4      | Reached skill level 3 in Conjurations
  4912 | D:4      | Noticed an ogre
  5089 | D:4      | Killed an ogre
  5090 | D:4      | Reached skill level 4 in Conjurations
  5090 | D:4      | Reached XP level 7. HP: 14/40 MP: 5/10
  5564 | D:4      | Reached skill level 3 in Fighting
  5674 | D:4      | Reached skill level 5 in Stealth
  5674 | D:4      | Reached skill level 5 in Earth Magic
  5959 | D:5      | Entered Level 5 of the Dungeon
  6049 | D:5      | Reached XP level 8. HP: 46/46 MP: 6/11
  6226 | D:5      | Reached skill level 3 in Dodging
  6488 | D:5      | Reached skill level 2 in Transmutations
  7013 | D:6      | Noticed Prince Ribbit
  7014 | D:6      | Reached skill level 3 in Spellcasting
  7023 | D:6      | Killed Prince Ribbit
  7024 | D:6      | Reached skill level 4 in Fighting
  7024 | D:6      | Reached skill level 5 in Short Blades
  7024 | D:6      | Reached skill level 6 in Stealth
  7097 | D:6      | Reached XP level 9. HP: 52/52 MP: 9/13
  7208 | D:6      | Reached skill level 4 in Dodging
  7314 | D:6      | You pick up a book of Misfortune and begin reading...
  7314 | D:6      | You add the spells Yara's Violent Unravelling and Enfeeble
                  | to your library.
  7318 | D:6      | Found Muepsus's Weapon Emporium.
  7393 | D:6      | Noticed Menkaure
  7400 | D:6      | Killed Menkaure
  7401 | D:6      | Reached skill level 3 in Transmutations
  7865 | D:6      | You pick up a book of the Tundra and begin reading...
  7865 | D:6      | You add the spells Hailstorm, Ice Form and Simulacrum to
                  | your library.
  7954 | D:6      | Reached skill level 6 in Short Blades
  7954 | D:6      | Reached skill level 7 in Stealth
  7954 | D:6      | Reached skill level 6 in Earth Magic
  8148 | D:6      | Reached skill level 4 in Spellcasting
  8460 | D:6      | Reached skill level 5 in Fighting
  8763 | D:7      | Reached skill level 5 in Dodging
  8957 | D:7      | Found a shimmering altar of Xom.
  9012 | D:7      | Found a radiant altar of Vehumet.
  9023 | D:7      | Reached skill level 4 in Transmutations
  9023 | D:7      | Reached XP level 10. HP: 20/59 MP: 11/16
  9624 | D:7      | Reached skill level 8 in Stealth
  9834 | D:7      | Found a runed translucent door.
  9837 | D:7      | Noticed Crazy Yiuf
  9927 | D:7      | Found a staircase to the Ecumenical Temple.
  9948 | Temple   | Entered the Ecumenical Temple
  9951 | Temple   | Found a transporter.
  9951 | Temple   | Found a transporter.
  9953 | Temple   | Found a transporter.
  9953 | Temple   | Found a transporter.
  9997 | Temple   | Became a worshipper of Gozag Ym Sagoz the Greedy
 10208 | D:7      | Killed Crazy Yiuf
 10354 | D:8      | Reached skill level 6 in Dodging
 10355 | D:8      | Reached skill level 6 in Fighting
 10584 | D:8      | Noticed Maurice
 10590 | D:8      | Killed Maurice
 10591 | D:8      | Reached skill level 5 in Transmutations
 10591 | D:8      | Reached skill level 7 in Earth Magic
 10635 | D:8      | Noticed Maggie
 10635 | D:8      | Noticed Gastronok
 10650 | D:8      | Killed Maggie
 10654 | D:8      | Reached skill level 7 in Dodging
 10785 | D:8      | Found an ornate altar of the Wu Jian Council.
 10799 | D:8      | Killed Gastronok
 10800 | D:8      | Reached skill level 8 in Dodging
 10800 | D:8      | Reached skill level 6 in Transmutations
 10949 | D:2      | Bought a +0 buckler for 63 gold pieces
 10949 | D:2      | Bought a +2 pair of boots of rampaging for 301 gold pieces
 11249 | D:8      | Found a snail-covered altar of Cheibriados.
 11303 | D:8      | Reached skill level 9 in Dodging
 11600 | D:8      | Noticed Psyche
 11605 | D:8      | Killed Psyche
 11606 | D:8      | Reached XP level 11. HP: 64/64 MP: 14/17
 11966 | D:8      | Found a white marble altar of Elyvilon.
 11970 | D:8      | Found a hide-covered altar of Uskayaw.
 11972 | D:8      | Found a blossoming altar of Fedhas.
 12015 | D:8      | Noticed a two-headed ogre
 12167 | D:8      | Killed a two-headed ogre
 12168 | D:8      | Reached skill level 5 in Conjurations
 12276 | D:9      | Noticed Harold
 12329 | D:9      | Reached skill level 7 in Transmutations
 12440 | D:9      | Noticed a two-headed ogre
 12453 | D:9      | Killed a two-headed ogre
 12454 | D:9      | Reached skill level 10 in Dodging
 12454 | D:9      | Reached skill level 8 in Earth Magic
 12486 | D:9      | Learned a level 4 spell: Petrify
 12951 | D:9      | You are sucked into a shaft and drop 2 floors!
 12994 | D:11     | You pick up a book of Minor Magic and begin reading...
 12994 | D:11     | You add the spells Magic Dart, Call Imp and Mephitic Cloud
                  | to your library.
 12995 | D:11     | Found a transporter.
 13022 | D:11     | Noticed a manticore
 13028 | D:11     | Killed a manticore
 13285 | D:11     | Noticed a manticore
 13314 | D:11     | Killed a manticore
 13315 | D:11     | Reached skill level 6 in Conjurations
 13372 | D:10     | Entered Level 10 of the Dungeon
 13379 | D:10     | Found Puaset's Jewellery Boutique.
 13462 | D:9      | Reached skill level 8 in Transmutations
 13596 | D:9      | Reached skill level 11 in Dodging
 13612 | D:9      | Killed Harold
 13613 | D:9      | Reached XP level 12. HP: 70/70 MP: 18/18
 13678 | D:9      | You add the spells Ignite Poison, Sticky Flame and Ignition
                  | to your library.
 13721 | D:9      | Found a burning altar of Makhleb.
 13878 | D:9      | Found a staircase to the Lair.
 14347 | D:3      | Killed Grinder
 14348 | D:3      | Reached skill level 9 in Transmutations
 14418 | D:3      | Killed KennySheep's ghost
 14479 | D:3      | Found a bloodstained altar of Trog.
 14502 | D:3      | Noticed Sigmund
 14504 | D:3      | Killed Sigmund
 15073 | D:10     | Found a staircase to the Orcish Mines.
 15354 | D:10     | Found a broken altar of Ashenzari.
 15429 | D:10     | Noticed Joseph
 15508 | D:10     | Found a glowing silver altar of Zin.
 16157 | D:10     | Killed Joseph
 16173 | D:11     | Found a transporter.
 16896 | D:12     | Noticed Nergalle
 16907 | D:12     | Killed Nergalle
 16980 | D:12     | Noticed a boulder beetle
 16992 | D:12     | Killed a boulder beetle
 16993 | D:12     | Reached skill level 7 in Short Blades
 16993 | D:12     | Reached skill level 9 in Stealth
 17075 | D:12     | Reached skill level 5 in Spellcasting
 17671 | D:12     | Noticed a boulder beetle
 17683 | D:12     | Killed a boulder beetle
 18041 | D:13     | Noticed a centaur warrior
 18082 | D:13     | Killed a centaur warrior
 18136 | D:13     | Found a gate to the Vaults.
 18136 | D:13     | Noticed a +6 long sword
 18138 | D:13     | Noticed a five-headed hydra
 18144 | D:13     | Killed a +6 long sword
 18145 | D:13     | Reached skill level 7 in Conjurations
 18148 | D:13     | Killed a five-headed hydra
 18212 | D:13     | Noticed a two-headed ogre
 18217 | D:13     | Killed a two-headed ogre
 18218 | D:13     | Reached XP level 13. HP: 74/74 MP: 13/20
 18272 | D:13     | Noticed a centaur warrior
 18279 | D:13     | Killed a centaur warrior
 18280 | D:13     | Reached skill level 8 in Short Blades
 18280 | D:13     | Reached skill level 10 in Stealth
 18281 | D:13     | Reached skill level 12 in Dodging
 18367 | D:13     | Reached skill level 10 in Transmutations
 18707 | D:13     | Noticed an ice dragon
 18712 | D:13     | Reached skill level 9 in Short Blades
 18725 | D:13     | Killed an ice dragon
 18726 | D:13     | Reached skill level 8 in Conjurations
 18982 | D:2      | Bought a +6 ring of slaying for 1869 gold pieces
 19669 | D:13     | Noticed a centaur warrior
 19677 | D:13     | Killed a centaur warrior
 19688 | D:13     | Reached skill level 10 in Short Blades
 19781 | D:13     | Reached skill level 13 in Dodging
 19907 | D:13     | Noticed a centaur warrior
 19909 | D:13     | Killed a centaur warrior
 19960 | D:13     | Reached skill level 9 in Conjurations
 20067 | D:13     | Identified the +7 great mace of Day {spect, *Rage rPois
                  | Int+2}
 20355 | D:14     | Noticed a centaur warrior
 20364 | D:14     | Killed a centaur warrior
 20368 | D:14     | Reached skill level 14 in Dodging
 20480 | D:14     | Noticed Rupert
 20483 | D:14     | Killed Rupert
 20577 | D:14     | Reached XP level 14. HP: 80/80 MP: 21/21
 20940 | D:14     | Found a runed translucent door.
 21086 | D:14     | Found Rugunuah's Antique Armour Shop.
 21092 | D:14     | Bought a pair of encrusted boots for 275 gold pieces
 21092 | D:14     | Identified the +0 pair of boots of Jeahesyu {+Blink Will+
                  | Regen+ Dex-4} (You bought it in a shop on level 14 of the
                  | Dungeon)
 21208 | D:14     | HP: 3/80 [crystal guardian/crystal bolt (66)]
 21216 | D:15     | Entered Level 15 of the Dungeon
 21452 | D:15     | You pick up a book of Callings and begin reading...
 21452 | D:15     | You add the spells Summon Small Mammal, Call Canine
                  | Familiar and Summon Guardian Golem to your library.
 21454 | D:15     | Found Ziell's Magic Scroll Boutique.
 21557 | Lair:1   | Entered Level 1 of the Lair of Beasts
 21925 | Lair:1   | Noticed Amaemon
 21935 | Lair:1   | Killed Amaemon
 22065 | Lair:1   | Found a dark tunnel.
 22829 | Lair:1   | Noticed Erica
 22832 | Lair:1   | Killed Erica
 22833 | Lair:1   | Reached skill level 7 in Fighting
 23125 | Lair:1   | Reached skill level 11 in Stealth
 23125 | Lair:1   | Reached skill level 6 in Spellcasting
 23731 | Lair:1   | HP: 27/123 [death yak (7)]
 23743 | Lair:1   | Slain by a death yak

Vanquished Creatures
  Rupert (D:14)
  Gastronok (D:8)
  A hydra (D:13)
  An ice dragon (D:13)
  Harold (D:9)
  Erica (Lair:1)
  3 boulder beetles
  5 centaur warriors
  2 dancing weapons (D:13)
  3 two-headed ogres
  6 death yaks (Lair:1)
  Nergalle (D:12)
  Amaemon (Lair:1)
  3 deep elf pyromancers
  2 ugly things (D:13)
  2 manticores (D:11)
  Maurice (D:8)
  A black mamba (Lair:1)
  Joseph (D:10)
  An orange demon (Lair:1)
  Maggie (D:8)
  A kobold demonologist (D:11)
  A cane toad (Lair:1)
  2 rime drakes (Lair:1)
  Psyche (D:8)
  A komodo dragon (Lair:1)
  6 meliai (D:13)
  2 trolls
  4 polar bears (D:13)
  Grinder (D:3)
  10 slime creatures
  Prince Ribbit (D:6)
  A blink frog (Lair:1)
  Sigmund (D:3)
  A centaur simulacrum (D:10)
  A vampire (D:12)
  A wraith (D:10)
  A spriggan (shapeshifter) (D:15)
  3 wyverns
  14 yaks
  2 steam dragons
  4 vampire mosquitoes
  Menkaure (D:6)
  4 water moccasins (Lair:1)
  6 orc warriors
  An ice beast (D:5)
  2 black bears
  4 sky beasts
  4 ogres
  The ghost of KennySheep the Grasshopper, an amateur AtWr (D:3)
  10 centaurs
  2 wolves
  A kobold brigand (D:8)
  11 bullfrogs
  A necrophage (D:6)
  A gnoll sergeant (D:6)
  13 wights
  2 scorpions
  14 killer bees
  2 electric eels (D:10)
  11 howler monkeys
  6 hounds
  2 gnoll boudas
  5 jellies
  7 orc priests
  Crazy Yiuf (D:7)
  15 orc wizards
  An iguana (D:3)
  5 hell rats (Lair:1)
  A howler monkey zombie (D:3)
  22 gnolls
  9 adders
  2 white imps
  3 ufetubi
  An adder zombie (D:3)
  6 worms
  2 dart slugs
  35 orcs
  12 endoplasms
  3 giant cockroaches
  10 hobgoblins
  7 jackals
  6 quokkas
  5 ball pythons
  2 bats
  5 frilled lizards
  12 goblins
  6 kobolds
  12 rats
392 creatures vanquished.

Vanquished Creatures (others)
  A fungus (Lair:2)
  4 plants
5 creatures vanquished.

Grand Total: 397 creatures vanquished

Table legend:
 A = Non-vault XP
 B = Vault XP
 C = Vault XP percentage of total XP
 D = Non-vault monster count
 E = Vault monster count
 F = Vault count percentage of total count
                 A         B        C        D         E       F
            +---------+---------+-------+---------+---------+-------
      Total |   41076 |   14969 |  26.7 |     329 |      63 |  16.1
            +---------+---------+-------+---------+---------+-------
        D:1 |      45 |       0 |   0.0 |      26 |       0 |   0.0
        D:2 |      84 |      25 |  22.9 |      22 |       5 |  18.5
        D:3 |     169 |     690 |  80.3 |      24 |      16 |  40.0
        D:4 |     558 |       0 |   0.0 |      24 |       0 |   0.0
        D:5 |     701 |       0 |   0.0 |      19 |       0 |   0.0
        D:6 |    1023 |     834 |  44.9 |      25 |       8 |  24.2
        D:7 |    1132 |      40 |   3.4 |      18 |       1 |   5.3
        D:8 |    2523 |    2675 |  51.5 |      18 |       4 |  18.2
        D:9 |    3634 |     858 |  19.1 |      29 |       5 |  14.7
       D:10 |    2445 |    1069 |  30.4 |      26 |       9 |  25.7
       D:11 |    2148 |       0 |   0.0 |      18 |       0 |   0.0
       D:12 |    2578 |     773 |  23.1 |       6 |       1 |  14.3
       D:13 |   12521 |    4166 |  25.0 |      39 |      10 |  20.4
       D:14 |    3103 |    1816 |  36.9 |       8 |       1 |  11.1
       D:15 |     211 |       0 |   0.0 |       1 |       0 |   0.0
     Lair:1 |    8201 |    2023 |  19.8 |      26 |       3 |  10.3
            +---------+---------+-------+---------+---------+-------

Illustrated notes

Table legend:
 A = Kills in this place as a percentage of kills in entire the game.
 B = Kills by you in this place as a percentage of kills by you in the entire game.
 C = Kills by friends in this place as a percentage of kills by friends in the entire game.
 D = Other kills in this place as a percentage of other kills in the entire game.
 E = Experience gained in this place as a percentage of experience gained in the entire game.
 F = Experience gained in this place divided by the number of levels of this place that you have seen.
                   A       B       C       D       E      F
               +-------+-------+-------+-------+-------+----------------------
         Total | 100.0 | 100.0 |   N/A |   N/A | 100.0 | 3113.6
       Dungeon |  92.6 |  92.6 |   N/A |   N/A |  81.8 | 3054.7
          Lair |   7.4 |   7.4 |   N/A |   N/A |  18.2 | 5112.0
               +-------+-------+-------+-------+-------+----------------------

Table legend: (Time is in decaauts)
 A = Elapsed time spent in this place.
 B = Non-inter-level travel time spent in this place.
 C = Inter-level travel time spent in this place.
 D = Time resting spent in this place.
 E = Time spent auto-exploring this place.
 F = Levels seen in this place.
 G = Mean time per level.
                   A        B        C        D        E       F      G
               +--------+--------+--------+--------+--------+-----+--------+
         Total |  24420 |  22640 |   1780 |   4849 |  14684 |  18 | 1356.7 |
       Dungeon |  22133 |  20418 |   1715 |   4201 |  13381 |  15 | 1475.5 |
        Temple |     65 |     65 |      0 |      0 |      8 |   1 |   65.0 |
          Lair |   2221 |   2157 |     64 |    647 |   1295 |   2 | 1110.5 |
               +--------+--------+--------+--------+--------+-----+--------+

Top non-repeatable levels by time:
     D:3: 2508 daAuts
  Lair:1: 2005 daAuts
     D:6: 1966 daAuts
     D:8: 1751 daAuts
    D:13: 1740 daAuts
     D:1: 1714 daAuts
    D:10: 1664 daAuts
     D:2: 1662 daAuts
     D:9: 1635 daAuts
     D:7: 1544 daAuts
    D:12: 1313 daAuts
     D:5: 1208 daAuts
    D:11: 1111 daAuts
    D:14: 1050 daAuts
     D:4: 1016 daAuts
